Map: Ruins of Seras

Players

Bowman - Winner!

  • Race: Protoss Protoss
  • League: Grandmaster

SirRobin

  • Race: Zerg Zerg
  • League: Grandmaster

VOD

Have the link to the VOD?

Description

Time

  • Played on: Feb. 3, 2016, 10:59 a.m.
  • Length: 16:31
Show
View Real Time Build Order
Export as new Build Order

Bowman Protoss - Winner!

Build Orders: Phoenix Opening 

Get SALT Encoding   

  12  0:01  Probe (Chrono Boost)  
  13  0:12  Probe (Chrono Boost)  
  14  0:18  Pylon  
  14  0:23  Probe (Chrono Boost)  
  15  0:36  Probe (Chrono Boost)  
  16  0:42  Assimilator  
  16  0:47  Probe (Chrono Boost)  
  17  0:58  Probe (Chrono Boost)  
  18  1:08  Nexus  
  19  1:11  Probe (Chrono Boost)  
  19  1:22  Probe (Chrono Boost)  
  20  1:26  Gateway  
  20  1:30  Assimilator  
  21  1:32  Probe (Chrono Boost)  
  21  1:43  Probe (Chrono Boost)  
  22  1:47  Pylon  
  22  1:54  Probe (Chrono Boost)  
  23  1:57  Gateway  
  23  2:06  Probe (Chrono Boost)  
  24  2:13  Cybernetics Core  
  24  2:16  Probe (Chrono Boost)  
  24  2:21  Probe (Chrono Boost)  
  26  2:27  Probe (Chrono Boost)  
  27  2:31  Probe (Chrono Boost)  
  28  2:37  Probe (Chrono Boost)  
  28  2:42  Probe (Chrono Boost)  
  28  2:44  Warp Gate  
  30  2:48  Probe (Chrono Boost)  
  30  2:49  Adept x2 (Chrono Boost)  
  35  2:54  Probe  
  35  2:58  Stargate  
  36  3:00  Probe  
  37  3:06  Probe  
  37  3:12  Probe  
  39  3:14  Sentry x2 (Chrono Boost)  
  39  3:18  Pylon, Probe  
  44  3:24  Probe  
  45  3:28  Assimilator  
  45  3:30  Assimilator, Probe  
  46  3:36  Probe  
  46  3:38  Adept (Chrono Boost), Sentry (Chrono Boost)  
  46  3:40  Pylon  
  51  3:42  Probe  
  52  3:48  Forge  
  52  3:49  Probe  
  53  3:58  Phoenix (Chrono Boost)  
  53  4:02  Pylon, Probe  
  56  4:08  Probe  
  57  4:14  Mothership Core  
  57  4:15  Gateway  
  59  4:20  Probe  
  59  4:23  Phoenix (Chrono Boost)  
  62  4:24  Gateway  
  62  4:33  Photon Cannon  
  62  4:35  Photon Cannon  
  53  4:46  Probe x2  
  54  4:58  Probe x2  
  56  5:05  Gateway  
  56  5:07  Robotics Facility  
  56  5:10  Phoenix (Chrono Boost), Probe x2  
  56  5:12  Pylon  
  60  5:22  Probe  
  60  5:25  Adept  
  63  5:28  Photon Cannon  
  63  5:31  Photon Cannon  
  63  5:32  Phoenix (Chrono Boost), Probe  
  66  5:47  Adept  
  66  6:02  Probe  
  66  6:03  Immortal  
  67  6:10  Adept x2  
  71  6:11  Sentry  
  71  6:12  Sentry  
  71  6:15  Nexus  
  71  6:16  Pylon  
  74  6:25  Pylon  
  74  6:28  Probe  
  74  6:31  Pylon  
  74  6:32  Oracle (Chrono Boost)  
  72  6:40  Adept x3  
  78  6:47  Probe x2  
  78  6:53  Adept  
  82  6:59  Immortal  
  86  7:06  Adept  
  86  7:08  Adept x2  
  92  7:09  Probe x2  
  92  7:11  Oracle (Chrono Boost)  
  97  7:21  Probe  
  96  7:23  Probe  
  97  7:30  Sentry x2  
  97  7:31  Adept x2  
  105  7:38  Probe  
  105  7:43  Assimilator  
  106  7:45  Assimilator, Forge  
  106  7:47  Forge  
  104  7:51  Adept  
  104  7:52  Adept  
  98  8:01  Pylon, Probe x3 (Chrono Boost)  
  101  8:12  Probe x2 (Chrono Boost), Oracle  
  106  8:15  Zealot  
  108  8:21  Probe (Chrono Boost), Pylon, Sentry  
  108  8:22  Probe (Chrono Boost), Adept x2  
  108  8:23  Pylon  
  116  8:35  Pylon x2  
  116  8:37  Protoss Ground Weapons Level 1 (Chrono Boost), Protoss Shields Level 1 (Chrono Boost)  
  118  8:55  Probe (Chrono Boost)  
  118  8:56  Probe (Chrono Boost), Void Ray  
  118  8:58  Immortal  
  126  9:03  Gateway  
  126  9:05  Gateway  
  126  9:07  Probe (Chrono Boost), Gateway  
  127  9:10  Twilight Council, Probe (Chrono Boost)  
  128  9:31  Adept x3  
  128  9:34  Pylon  
  128  9:35  Gateway  
  128  9:38  Gateway  
  134  9:41  Photon Cannon  
  134  9:46  Probe  
  134  9:48  Probe  
  130  10:10  Resonating Glaives  
  130  10:12  Immortal  
  130  10:14  Templar Archives, Robotics Facility  
  134  10:16  Probe  
  135  10:23  Nexus  
  135  10:31  Adept x2  
  135  10:32  Adept x4  
  147  10:36  Protoss Shields Level 2 (Chrono Boost), Protoss Ground Weapons Level 2 (Chrono Boost)  
  147  10:40  Assimilator  
  147  10:44  Assimilator  
  147  10:54  Probe  
  147  10:55  Probe x2  
  147  10:56  High Templar x2  
  147  10:57  High Templar x3  
  146  10:58  High Templar  
  144  11:21  Void Ray  
  144  11:22  Immortal x2  
  144  11:24  Archon  
  144  11:25  Archon x2  
  156  11:27  Probe  
  157  11:33  Probe  
  157  11:35  Probe  
  157  11:37  Probe  
  157  11:39  Probe  
  161  11:44  Probe  
  162  11:50  Charge  
  162  11:54  Photon Cannon  
  162  12:01  Observer  
  163  12:12  Dark Shrine  
  163  12:13  High Templar x4  
  171  12:17  Pylon  
  171  12:19  Pylon  
  171  12:22  Probe  
  172  12:24  Archon x2  
  172  12:34  Probe  
  173  12:45  High Templar x3  
  173  12:46  Zealot x2, High Templar  
  173  12:47  Zealot  
  187  12:51  Pylon  
  187  12:52  Archon x2  
  187  12:54  Pylon  
  174  13:23  High Templar x2  
  174  13:24  High Templar  
  174  13:25  Adept, High Templar  
  174  13:26  High Templar x4  
  192  13:28  Archon  
  192  13:29  Archon  
  192  13:30  Archon x2  
  174  13:49  Probe  
  167  14:00  Probe  
  166  14:03  Observer  
  166  14:04  Observer  
  167  14:13  Pylon  
  167  14:15  Pylon  
  167  14:17  Pylon  
  117  15:06  Dark Templar x2  
  117  15:07  Dark Templar  
  123  15:24  Immortal (Chrono Boost)  
  127  15:29  Probe  
  126  15:48  Archon  
  126  15:50  Dark Templar  
  98  16:26  Archon  
  98  16:27  Archon  
Show
View Real Time Build Order
Export as new Build Order

SirRobin Zerg 

Build Orders: Hatch First 

Get SALT Encoding   

  12  0:00  Drone  
  13  0:08  Drone  
  14  0:17  Overlord  
  14  0:24  Extractor  
  14  0:25  Drone  
  15  0:35  Drone x2  
  17  0:54  Hatchery  
  17  0:56  Drone  
  17  0:59  Drone  
  18  1:12  Spawning Pool  
  18  1:14  Extractor  
  18  1:17  Drone  
  17  1:22  Drone  
  18  1:34  Drone  
  18  1:37  Drone  
  20  1:48  Hatchery  
  20  1:50  Drone  
  20  2:00  Queen  
  22  2:09  Queen  
  22  2:13  Drone  
  25  2:19  Overlord  
  25  2:23  Drone  
  25  2:25  Drone  
  25  2:29  Drone  
  28  2:36  Metabolic Boost  
  28  2:38  Drone  
  28  2:40  Drone  
  30  2:45  Drone x2  
  32  2:54  Drone x2  
  34  3:00  Drone, Evolution Chamber  
  34  3:01  Drone  
  34  3:04  Queen  
  37  3:09  Overlord  
  37  3:12  Zergling x2  
  38  3:15  Zergling x4  
  38  3:19  Zergling x4  
  42  3:23  Overlord  
  42  3:28  Zerg Melee Weapons Level 1  
  42  3:32  Queen  
  44  3:53  Zergling x2  
  44  3:54  Zergling x18  
  54  4:05  Overlord  
  54  4:06  Overlord  
  54  4:07  Drone x4  
  50  4:52  Zergling x4  
  47  4:53  Zergling x26  
  58  5:05  Overlord  
  58  5:11  Pneumatized Carapace  
  58  5:19  Overlord  
  58  5:20  Drone x5  
  63  5:27  Overlord  
  64  5:28  Drone  
  64  5:35  Baneling Nest  
  63  5:36  Extractor, Overlord  
  63  5:37  Drone, Extractor  
  63  5:38  Drone x8  
  63  5:40  Drone  
  63  5:42  Hatchery  
  62  6:02  Zergling x18  
  65  6:05  Queen x2  
  69  6:15  Drone  
  69  6:16  Drone x2  
  72  6:20  Queen  
  73  6:25  Zergling x2  
  73  6:26  Zergling x10  
  77  6:41  Queen  
  77  6:43  Zergling x10  
  77  6:44  Zergling x10  
  87  6:49  Baneling  
  87  6:55  Zergling x2  
  87  6:56  Zergling x6  
  90  7:06  Queen  
  90  7:07  Drone x8  
  96  7:12  Overlord, Lair  
  96  7:15  Evolution Chamber  
  96  7:21  Zergling x2  
  96  7:22  Zergling x4  
  96  7:24  Overlord x2  
  96  7:25  Baneling  
  96  7:26  Baneling x9  
  96  7:29  Overlord x2  
  76  8:00  Zergling x24  
  76  8:01  Zergling x10  
  92  8:11  Zerg Ground Armor Level 1  
  92  8:17  Centrifical Hooks  
  92  8:19  Zerg Melee Weapons Level 2  
  92  8:22  Zergling x24, Extractor  
  103  8:32  Baneling x6  
  103  8:33  Zergling x8  
  107  8:34  Queen x3  
  107  8:39  Zergling x2  
  107  8:40  Zergling x12  
  120  8:41  Overlord x2  
  120  8:46  Baneling x2  
  120  8:47  Baneling x3  
  120  8:54  Baneling  
  120  8:55  Baneling  
  120  9:14  Overlord  
  120  9:15  Drone x2  
  120  9:16  Drone x4  
  127  9:17  Drone x2  
  128  9:30  Hatchery  
  127  9:37  Overlord  
  127  9:43  Infestation Pit, Hatchery, Zergling x28  
  127  9:44  Zergling x10  
  144  9:47  Overlord x4  
  140  9:58  Queen  
  140  9:59  Drone x4  
  133  10:13  Spore Crawler  
  132  10:17  Drone  
  132  10:18  Spore Crawler, Drone x6  
  138  10:22  Hive  
  138  10:33  Zergling x2  
  138  10:34  Zergling x24  
  151  10:43  Drone  
  151  10:44  Drone x5  
  151  10:46  Drone x4  
  159  11:16  Drone x2  
  159  11:17  Overlord x2  
  159  11:18  Drone x3  
  164  11:26  Extractor  
  164  11:27  Extractor  
  162  11:46  Drone x3  
  157  12:00  Spore Crawler x2  
  155  12:01  Spore Crawler  
  154  12:13  Spore Crawler  
  154  12:14  Spore Crawler x2  
  154  12:15  Spore Crawler  
  150  12:16  Spore Crawler  
  150  12:17  Drone, Extractor, Spine Crawler  
  150  12:18  Drone x10  
  150  12:19  Drone  
  150  12:20  Drone x11, Overlord x2  
  171  12:38  Drone  
  168  13:11  Ultralisk Cavern  
  153  13:24  Hatchery  
  133  13:41  Hatchery  
  127  13:51  Overlord  
  87  14:10  Ultralisk x3  
  87  14:11  Ultralisk x7  
  143  14:18  Zergling x20  
  111  14:38  Ultralisk  
  111  14:39  Ultralisk  
  111  14:44  Zergling x2  
  122  14:56  Infestor  
  117  15:08  Drone x2  
  117  15:10  Hatchery  
  118  15:23  Drone x2  
  120  15:29  Spawning Pool  
  118  15:39  Drone x3  
  105  16:05  Drone x3  
Tags
 
Add a new tag
Caveats
  • Supply blocks, unpowered buildings, or Contaminate may cause inaccurate times.
  • Supply counts are checked every 10 seconds.